Map: Acropolis EC

Players

ShaDoWn - Winner!

  • Race: Protoss Protoss
  • Spawn Location: 11:00

Vanya

  • Race: Zerg Zerg
  • Spawn Location: 5:00

Event: 2019 WCS Summer

VOD

Have the link to the VOD?

Description

Time

  • Played on: July 12, 2019, 7:21 a.m.
  • Length: 10:15

All games in this series

Show
View Real Time Build Order
Export as new Build Order

ShaDoWn Protoss - Winner!

Build Orders: 1 Gate Expand, Oracle Opening, Archon Immortal, Archon Drop 

Get SALT Encoding   

  12  0:00  Probe  
  13  0:12  Probe  
  14  0:17  Pylon  
  14  0:24  Probe  
  15  0:32  Probe  
  15  0:38  Gateway  
  15  0:40  Probe  
  16  0:46  Assimilator  
  17  0:51  Probe  
  18  1:03  Probe  
  19  1:15  Probe  
  20  1:24  Nexus  
  20  1:34  Cybernetics Core  
  20  1:37  Probe  
  21  1:43  Assimilator  
  21  1:50  Probe  
  21  1:52  Pylon  
  22  2:00  Adept  
  22  2:02  Probe  
  23  2:14  Probe  
  26  2:17  Stargate  
  26  2:26  Probe  
  27  2:30  Stalker  
  27  2:33  Probe  
  27  2:34  Probe, Warp Gate  
  30  2:41  Probe  
  30  2:42  Probe  
  33  2:51  Probe  
  33  2:52  Probe, Oracle  
  35  3:03  Probe  
  40  3:05  Probe  
  40  3:09  Pylon  
  40  3:15  Assimilator, Probe  
  40  3:17  Assimilator, Probe  
  42  3:24  Gateway  
  42  3:27  Probe  
  42  3:29  Probe  
  44  3:36  Robotics Facility  
  44  3:39  Probe  
  45  3:42  Probe  
  45  3:48  Twilight Council  
  46  3:51  Probe  
  46  3:54  Probe  
  48  4:01  Gateway x2  
  48  4:08  Probe  
  49  4:14  Probe  
  49  4:16  Pylon  
  50  4:20  Probe  
  50  4:22  Adept  
  53  4:26  Probe  
  53  4:28  Warp Prism  
  54  4:35  Templar Archives  
  56  4:39  Zealot  
  56  4:41  Probe  
  56  4:43  Probe  
  60  4:50  Zealot  
  60  4:55  Pylon  
  60  5:04  Nexus  
  60  5:06  Pylon  
  60  5:11  Observer  
  60  5:12  Probe  
  60  5:13  Probe  
  59  5:21  Pylon  
  59  5:22  Forge  
  59  5:23  Immortal  
  59  5:24  Probe  
  59  5:26  Probe  
  59  5:27  High Templar x4  
  69  5:30  Shield Battery  
  69  5:31  Archon x2  
  73  5:36  Probe  
  73  5:38  Probe  
  75  5:48  Probe  
  74  5:50  Probe  
  74  5:54  Gateway  
  75  5:58  Protoss Ground Weapons Level 1  
  75  6:00  Probe  
  75  6:02  Immortal  
  75  6:04  Charge  
  81  6:06  Probe  
  81  6:08  Probe, Psionic Storm  
  81  6:13  High Templar  
  81  6:14  Probe  
  81  6:15  Probe  
  81  6:17  Probe  
  85  6:22  Probe  
  87  6:26  Assimilator  
  87  6:28  Assimilator  
  87  6:29  Probe  
  87  6:32  Robotics Facility  
  89  6:38  Probe  
  90  6:42  Immortal  
  90  6:44  Probe  
  90  6:45  Zealot x3  
  101  6:58  Pylon  
  101  6:59  Pylon  
  101  7:03  Pylon x2  
  101  7:16  Probe  
  101  7:20  High Templar x3  
  101  7:21  Immortal  
  112  7:22  Gateway  
  112  7:23  Immortal  
  112  7:24  Gateway  
  112  7:26  Gateway  
  112  7:28  Pylon  
  116  7:32  Pylon  
  116  7:43  High Templar  
  118  7:44  Zealot  
  120  8:00  Immortal  
  120  8:02  Immortal  
  127  8:06  Zealot  
  127  8:07  Zealot x3  
  127  8:11  Shield Battery  
  127  8:12  Photon Cannon  
  135  8:30  Nexus  
  135  8:32  Pylon  
  135  8:35  High Templar x2  
  135  8:36  Zealot  
  135  8:39  Immortal  
  143  8:42  Zealot  
  143  8:54  Observer, Zealot x4  
  127  9:05  Photon Cannon, Shield Battery  
  127  9:07  Probe  
  127  9:08  Probe, Shield Battery  
  129  9:10  Probe  
  129  9:13  Photon Cannon, Immortal, High Templar x2, Zealot  
  129  9:14  Zealot  
  142  9:19  Observer  
  142  9:20  Probe  
  142  9:21  Zealot, High Templar x2  
  142  9:22  Zealot  
  149  9:38  Nexus  
  149  9:40  Pylon  
  149  9:41  Pylon  
  149  9:42  Pylon x2  
  149  9:44  High Templar x2  
  149  9:45  Zealot x2  
  157  9:50  Pylon  
  157  9:54  Photon Cannon x2  
  149  10:12  Zealot x6  
Show
View Real Time Build Order
Export as new Build Order

Vanya Zerg 

Build Orders: Hatch First, Lurkers, Roach Hydra 

Get SALT Encoding   

  12  0:01  Drone  
  13  0:12  Overlord  
  13  0:16  Drone  
  14  0:30  Drone x2  
  16  0:48  Hatchery  
  15  0:50  Drone  
  15  0:54  Drone  
  17  0:57  Drone  
  18  1:08  Extractor  
  17  1:12  Spawning Pool  
  17  1:15  Drone  
  17  1:19  Drone  
  18  1:28  Drone  
  19  1:39  Drone  
  20  1:50  Drone  
  21  1:59  Queen  
  21  2:00  Overlord  
  21  2:01  Zergling x2, Queen  
  26  2:08  Metabolic Boost  
  26  2:11  Drone x2  
  28  2:21  Drone  
  29  2:28  Drone  
  30  2:32  Hatchery  
  29  2:39  Drone  
  29  2:41  Queen  
  32  2:46  Overlord  
  32  2:49  Drone  
  33  2:53  Drone  
  33  2:54  Drone  
  33  2:56  Drone  
  36  3:07  Drone x2  
  36  3:08  Overlord  
  36  3:09  Drone x2  
  36  3:10  Drone  
  41  3:13  Overlord  
  41  3:17  Overlord  
  41  3:21  Drone x2  
  43  3:28  Drone  
  43  3:31  Queen  
  43  3:32  Drone  
  47  3:37  Spore Crawler  
  47  3:39  Drone x3  
  47  3:40  Drone  
  50  3:44  Drone  
  50  3:45  Spore Crawler  
  50  3:50  Queen  
  50  3:52  Drone  
  55  3:55  Drone x2  
  55  3:58  Zergling x2  
  55  3:59  Zergling x4  
  55  4:01  Drone  
  58  4:10  Spore Crawler  
  58  4:12  Zergling x2  
  58  4:13  Drone x2  
  60  4:17  Drone x2  
  60  4:20  Lair  
  60  4:21  Drone  
  60  4:22  Drone  
  60  4:23  Roach Warren  
  63  4:24  Extractor  
  63  4:25  Drone x2  
  63  4:26  Extractor  
  63  4:27  Overlord  
  63  4:29  Drone  
  63  4:30  Drone  
  65  4:36  Overlord  
  65  4:37  Drone  
  66  4:42  Overlord  
  65  4:45  Overlord  
  65  4:47  Drone  
  65  4:48  Drone  
  65  4:49  Drone x2  
  69  4:54  Zergling x6  
  69  4:58  Drone x2  
  69  4:59  Drone x3, Spore Crawler  
  76  5:01  Drone  
  76  5:05  Drone  
  78  5:10  Drone x2  
  77  5:18  Extractor  
  77  5:20  Extractor  
  75  5:21  Extractor  
  75  5:22  Drone  
  75  5:23  Hydralisk Den, Drone x3, Evolution Chamber  
  76  5:28  Drone x2  
  76  5:33  Glial Reconstitution  
  76  5:35  Drone, Overlord  
  78  5:36  Drone  
  78  5:37  Drone  
  78  5:40  Drone x2  
  83  5:44  Hatchery, Roach  
  83  5:47  Roach x2  
  83  5:49  Roach x2  
  89  5:53  Overlord  
  89  5:55  Roach  
  89  6:06  Zerg Missile Weapons Level 1, Grooved Spines  
  89  6:09  Drone  
  89  6:10  Drone x3  
  93  6:14  Hydralisk x2  
  97  6:19  Drone x2  
  97  6:22  Drone, Overseer  
  97  6:24  Hydralisk  
  102  6:30  Lurker Den  
  102  6:31  Overlord  
  101  6:36  Hydralisk, Overlord  
  101  6:39  Hydralisk  
  103  6:43  Hydralisk  
  105  6:47  Overlord  
  105  6:49  Zergling x2  
  105  6:52  Overlord  
  105  6:57  Hydralisk x2, Drone x3  
  105  6:58  Roach  
  105  6:59  Extractor  
  112  7:06  Drone x2  
  112  7:07  Drone  
  112  7:08  Hydralisk  
  113  7:11  Hydralisk x3  
  116  7:16  Drone x3  
  116  7:17  Muscular Augments  
  116  7:18  Hydralisk x3  
  125  7:25  Hydralisk x5  
  125  7:27  Drone  
  125  7:28  Overlord  
  136  7:32  Overlord  
  136  7:36  Overlord  
  136  7:44  Overlord x2  
  134  7:58  Hydralisk x2  
  134  8:03  Lurker x3  
  134  8:05  Hydralisk x3  
  143  8:06  Roach x2  
  143  8:07  Zergling x14  
  143  8:08  Zergling x2  
  143  8:09  Lurker  
  143  8:10  Lurker x2  
  162  8:14  Drone x2  
  162  8:15  Hydralisk  
  162  8:16  Hydralisk, Roach x2  
  172  8:21  Overlord  
  172  8:26  Hydralisk x2  
  176  8:31  Overlord  
  175  8:35  Overlord  
  175  8:40  Hydralisk x2  
  175  8:41  Hydralisk, Roach x2  
  179  8:46  Overseer  
  179  8:48  Roach  
  182  8:51  Hydralisk x3  
  182  8:52  Roach x3  
  182  8:53  Hydralisk  
  182  8:54  Roach x2  
  168  8:57  Roach x2  
  161  9:08  Infestation Pit, Drone, Extractor  
  160  9:13  Lurker x2  
  160  9:14  Lurker  
  163  9:18  Drone x3, Hatchery  
  163  9:20  Hydralisk x2  
  163  9:21  Roach  
  171  9:29  Hydralisk x2, Roach  
  171  9:30  Roach x2  
  169  9:42  Lurker  
  169  9:43  Lurker  
  169  9:49  Overseer  
  167  9:54  Roach x4  
  170  10:04  Lurker  
  170  10:05  Lurker  
Tags
 
Add a new tag
Caveats
  • Supply blocks, unpowered buildings, or Contaminate may cause inaccurate times.
  • Supply counts are checked every 10 seconds.